 Dungeon Crawl Stone Soup version 0.24-a0-581-gc0fa6600bf (webtiles) character file.

Game seed: 11172186643291635785

83 Peloso the Covered (level 4, -4/40 HPs)
             Began as a Minotaur Fighter on Aug 25, 2019.
             Slain by Grinder (8 damage)
             ... on level 3 of the Dungeon.
             The game lasted 00:04:51 (1544 turns).

Peloso the Covered (Minotaur Fighter)               Turns: 1544, Time: 00:04:51

Health: -4/40      AC:  7    Str: 20    XL:     4   Next: 22%
Magic:  3/3        EV:  8    Int:  5    God:
Gold:   108        SH:  9    Dex: 11    Spells: 3/3 levels left

rFire    . . .     SeeInvis .   a - +0 long sword
rCold    . . .     Gourm    .   c - +0 shield
rNeg     . . .     Faith    .   b - +0 scale mail
rPois    .         Spirit   .   (helmet restricted)
rElec    .         Reflect  .   (no cloak)
rCorr    .         Harm     .   (no gloves)
MR       .....                  (no boots)
Stlth    ..........             (no amulet)
HPRegen  0.13/turn              (no ring)
MPRegen  0.08/turn              (no ring)

@: no status effects
A: retaliatory headbutt, horns 2
a: no special abilities


You were on level 3 of the Dungeon.
You were very hungry.

You visited 1 branch of the dungeon, and saw 3 of its levels.

You collected 108 gold pieces.

Inventory:

Hand Weapons
 a - a +0 long sword (weapon)
Armour
 b - a +0 scale mail (worn)
 c - a +0 shield (worn)
Jewellery
 i - an uncursed ring of poison resistance {unknown}
Scrolls
 e - a scroll of fog {unknown}
 g - a scroll of remove curse {unknown}
 h - a scroll of immolation {unknown}
 j - a scroll of enchant armour {unknown}
Potions
 d - a potion of might
 k - a potion of mutation {unknown}
 l - a potion of brilliance
Comestibles
 f - 3 rations


   Skills:
 + Level 4.0 Fighting
 + Level 3.3 Long Blades
 + Level 4.6 Armour
 + Level 1.3 Dodging
 + Level 4.1 Shields


You had 3 spell levels left.
You didn't know any spells.
Your spell library was empty.

Dungeon Overview and Level Annotations

Branches:
Dungeon (3/15)

Altars:

Annotations:
D:3 Grinder


Innate Abilities, Weirdness & Mutations

You reflexively headbutt those who attack you in melee.
You have a pair of horns on your head.


Message History

* * * LOW HITPOINT WARNING * * *
You closely miss Grinder.
Grinder is lightly wounded.
The kobold hits you but does no damage. Grinder barely misses you.
You block the kobold's attack.
You hit Grinder.
Grinder is lightly wounded.
Grinder gestures at you. Pain shoots through your body!
* * * LOW HITPOINT WARNING * * *
You block the kobold's attack.
You closely miss Grinder.
Grinder is lightly wounded.
You block Grinder's attack. The kobold closely misses you.
You furiously retaliate!
You headbutt the kobold!
You kill the kobold!
You hit Grinder. You headbutt Grinder.
Grinder is moderately wounded.
Grinder barely misses you. Grinder hits you!
You die...

#.# #.# #.####
#.#.. ##.#.####
#....... #....#
#.@..##.#
####.)5....#
#......#####
.##.###.##..
..#.$....#.#
.......†.#.#
###..####†##.#
..#.....(...# #
#.#.####.$..#.#


You could see Grinder.

Vanquished Creatures
  3 adders (D:2)
  2 worms (D:2)
  A leopard gecko (D:1)
  5 bats
  5 giant cockroaches
  7 goblins
  2 hobgoblins (D:2)
  2 jackals (D:3)
  8 kobolds
  4 quokkas (D:2)
  3 frilled lizards
  6 rats
48 creatures vanquished.

Notes
Turn   | Place    | Note
-------+----------+-------------------------------------------
     0 | D:1      | Peloso the Minotaur Fighter began the quest for the Orb.
     0 | D:1      | Reached XP level 1. HP: 19/19 MP: 0/0
    97 | D:1      | Reached XP level 2. HP: 27/27 MP: 1/1
   597 | D:2      | Reached XP level 3. HP: 24/33 MP: 2/2
  1050 | D:2      | Reached skill level 1 in Dodging
  1050 | D:2      | Reached XP level 4. HP: 34/40 MP: 3/3
  1529 | D:3      | Noticed Grinder
  1544 | D:3      | Slain by Grinder

Levels and vault maps discovered:
D:1:      scummos_arrival_forest, layout_loops_ring, minmay_liquid_box,
          chequers_serial_rivers_large_a, hangedman_abyss_or_decor_lesser_grid
D:2:      minmay_chambers_of_twos, layout_basic, grunt_decor_arrowhead
D:3:      layout_basic, first_ration, evilmike_ruin_ashenzari, uniq_grinder

Skill      XL: |  1  2  3 |
---------------+----------+-----
Fighting       | 4 |  4.0
Armour         | 4 |  4.6
Shields        | 4 |  4.1
Long Blades    | 3 |  3.3
Dodging        | 1 |  1.3

Action                   |  1- 3 |  4- 6 || total
-------------------------+-------+-------++-------
Melee: Long sword        |   104 |    25 ||   129
       Headbutt          |     9 |     8 ||    17
  Use: Potion            |     1 |       ||     1
  Eat: Chunk             |       |     1 ||     1
Armor: Scale mail        |    44 |     7 ||    51
Dodge: Dodged            |    33 |     7 ||    40
Block: Shield            |    50 |    22 ||    72
       Rpst.: Long sword |     5 |     1 ||     6

Table legend:
 A = Non-vault XP
 B = Vault XP
 C = Vault XP percentage of total XP
 D = Non-vault monster count
 E = Vault monster count
 F = Vault count percentage of total count
                 A         B        C        D         E       F
            +---------+---------+-------+---------+---------+-------
      Total |     102 |      17 |  14.3 |      40 |       8 |  16.7
            +---------+---------+-------+---------+---------+-------
        D:1 |      26 |       0 |   0.0 |      17 |       0 |   0.0
        D:2 |      71 |      17 |  19.3 |      20 |       8 |  28.6
        D:3 |       5 |       0 |   0.0 |       3 |       0 |   0.0
            +---------+---------+-------+---------+---------+-------
